[Event "Team 45 45 League T24"]
[Site "Internet Chess Club"]
[Date "2004.09.28"]
[Round "3"]
[White "HadshiHalefOmar"]
[Black "Unbeliever"]
[Result "1-0"]
[WhiteElo "1904"]
[BlackElo "1969"]
[TimeControl "2700+45"]

1. d4 d6 2. Nf3 f5 3. Nc3 Nf6 4. Bg5 Nbd7 5. Qd3 h6 6. Bd2 e6 7. e4 fxe4 8. Nxe4
Nxe4 9. Qxe4 Qf6 10. Bd3 Be7 11. O-O-O c6 12. h4 Nf8 13. Rde1 Bd7 14. Bc3 d5 15.
Qe5 O-O-O 16. Qxf6 gxf6 17. Bd2 Bd6 18. c3 Re8 19. h5 e5 20. dxe5 fxe5 21. Bg6
Nxg6 22. hxg6 e4 23. Nd4 h5 24. Ne2 Reg8 25. Bf4 Rxg6 26. Bxd6 Rxd6 27. Nf4 Rf6
28. g3 Bg4 29. Kd2 Bf3 30. Rh4 Kd7 31. Ke3 Kd6 32. Ne2 Ke5 33. Rg1 Bg4 34. Rgh1
c5 35. Rxg4 d4+ 36. cxd4+ cxd4+ 37. Nxd4 {Black resigns} 1-0

[Event "Team 45 45 League T24"]
[Site "Internet Chess Club"]
[Date "2004.09.25"]
[Round "3"]
[White "Zornorph"]
[Black "tourettes"]
[Result "0-1"]
[WhiteElo "1880"]
[BlackElo "1808"]
[TimeControl "2700+45"]

1. c4 Nf6 2. Nc3 c5 3. g3 d5 4. cxd5 Nxd5 5. Bg2 Nxc3 6. bxc3 Nc6 7. Nf3 e5 8.
d3 Be7 9. O-O O-O 10. Qb3 Rb8 11. Nd2 Qc7 12. Ba3 b6 13. Rfd1 Bb7 14. Qa4 Na5
15. Bxb7 Qxb7 16. Rab1 Qc6 17. Qc2 Qg6 18. Qa4 Nc6 19. Nf3 Qe6 20. Qb3 Qxb3 21.
axb3 f5 22. Nd2 h5 23. Kg2 Rf6 24. Ra1 Rg6 25. Bb2 Kf7 26. Nc4 Rh8 27. d4 exd4
28. cxd4 cxd4 29. Bxd4 Rd8 30. Ne5+ Nxe5 31. Bxe5 Rxd1 32. Rxd1 Re6 33. Rd5 g6
34. Kf3 Ke8 35. h3 Rc6 36. Rd3 a5 37. e4 Re6 38. Rd5 fxe4+ 39. Kxe4 Bc5 40. f4
Ke7 41. f5 gxf5+ 42. Kxf5 Be3 43. Rd3 Bh6 44. Rc3 Rxe5+ 45. Kg6 Re6+ 46. Kxh5
Bd2 47. Rd3 Rh6+ 48. Kg4 Bb4 49. h4 Bd6 50. Kg5 Rh8 51. g4 Ke6 52. Re3+ Be5 53.
h5 Rg8+ 54. Kh4 Kf6 55. Rf3+ Ke6 56. g5 Rd8 57. h6 Rd1 58. g6 Bf6+ 59. Kg4 Rg1+
60. Kh5 Rh1+ 61. Kg4 Rxh6 62. Re3+ Kd6 63. Kf5 Bg7 64. Re6+ Kc5 65. Re7 Bh8 66.
g7 Bxg7 67. Rxg7 Rh3 68. Ke4 Rxb3 69. Rc7+ Kb4 70. Kd4 b5 71. Rc8 Ka3 72. Rh8
Ka2 73. Kc5 a4 74. Rh2+ Rb2 75. Rh1 b4 76. Kb5 a3 77. Ka4 Rb1 78. Rh3 Ka1 79.
Rg3 Rb2 80. Rg1+ Ka2 81. Rg3 Ka1 82. Rg1+ Rb1 83. Rg3 a2 84. Rg2 Rc1 85. Rg3 Rc3
86. Rg1+ Kb2 87. Kxb4 Rb3+ 88. Kc4 Rc3+ 89. Kb4 Rc2 90. Rg3 a1=Q {White resigns}
0-1

[Event "Team 45 45 League T24"]
[Site "Internet Chess Club"]
[Date "2004.09.27"]
[Round "3"]
[White "Bloomington"]
[Black "CraigCKlein"]
[Result "1-0"]
[WhiteElo "1872"]
[BlackElo "1801"]
[TimeControl "2700+45"]

1. e4 c5 2. Nf3 e6 3. b3 b6 4. Bb2 Bb7 5. e5 a6 6. Nc3 Ne7 7. Be2 Nbc6 8. Ne4
Nc8 9. O-O d5 10. exd6 Nxd6 11. d3 Nf5 12. Ne5 Nfd4 13. Nxc6 Nxe2+ 14. Qxe2 Bxc6
15. Qg4 f5 16. Qh5+ g6 17. Qh3 Qe7 18. Bxh8 fxe4 19. d4 cxd4 20. Bxd4 Bd7 21.
Bxb6 Qd6 22. Be3 e5 {Black resigns} 1-0

[Event "Team 45 45 League T24"]
[Site "Internet Chess Club"]
[Date "2004.09.25"]
[Round "3"]
[White "Two-DogMan"]
[Black "reijo"]
[Result "0-1"]
[WhiteElo "1460"]
[BlackElo "1529"]
[TimeControl "2700+45"]

1. e4 e6 2. d4 d5 3. Nc3 Nf6 4. e5 Nfd7 5. Nf3 c5 6. Be3 Nc6 7. b3 cxd4 8. Bxd4
Nxd4 9. Qxd4 Bc5 10. Qa4 Qb6 11. O-O-O Bxf2 12. Kb1 O-O 13. Qg4 Nc5 14. h4 a5
15. a4 Nxb3 16. Ka2 Nc5 17. Rb1 Qc7 18. Nb5 Qc6 19. Nfd4 Bxd4 20. Qxd4 Ne4 21.
Bd3 Qc5 22. Qxc5 Nxc5 23. Nd4 Nxa4 24. Ka3 Nc5 25. Nb5 Bd7 26. g4 Rfc8 27. Nd6
Rc7 28. Rhf1 Nxd3 29. cxd3 Rc3+ 30. Rb3 Rxb3+ 31. Kxb3 b5 32. Rxf7 a4+ 33. Ka3
Bc6 34. Rc7 Be8 35. Re7 Kf8 36. Rb7 Bg6 37. d4 Bd3 38. g5 Kg8 39. Re7 Bf5 40.
Nxb5 Rc8 41. Nd6 Rf8 42. Kxa4 h6 43. gxh6 gxh6 44. Kb4 Rb8+ 45. Kc5 Rb3 46. Nf7
h5 47. Nh6+ Kf8 48. Kd6 Rb6+ 49. Kc7 Kxe7 50. Kxb6 Kf8 51. Kb5 Kg7 52. Kb4 Kxh6
53. Kc3 Be4 54. Kd2 Kg6 55. Ke3 Kf5 56. Kf2 Kg4 57. Kg1 Kxh4 58. Kh2 Kg4 59. Kg1
Kg3 60. Kf1 h4 61. Kg1 h3 62. Kf1 h2 63. Ke2 h1=Q 64. Kd2 Qf3 65. Ke1 Qe3+ 66.
Kf1 Qf2# {White checkmated} 0-1  


   **ANNOUNCEMENT** from ROBOadmin: *** GRANDMASTER versus GRANDMASTER!!  GM
   trail is playing GM LastKeks!  Type "follow trail" to watch the rated blitz
   3 0 game.

[Event "Team 45 45 League T24"]
[Site "Internet Chess Club"]
[Date "2004.09.26"]
[Round "3"]
[White "Frobert"]
[Black "pork"]
[Result "1/2-1/2"]
[WhiteElo "1667"]
[BlackElo "1700"]
[TimeControl "2700+45"]

1. Nf3 Nf6 2. d4 d5 3. e3 e6 4. c4 Bb4+ 5. Bd2 Bxd2+ 6. Qxd2 O-O 7. c5 Ne4
8. Qc2 c6 9. Bd3 f5 10. Nfd2 Na6 11. Nxe4 Nb4 12. Qd2 Nxd3+ 13. Qxd3 fxe4
14. Qd2 Qf6 15. Nc3 e5 16. dxe5 Qxe5 17. Qd4 Qg5 18. Ne2 Bg4 19. h3 Bxe2 20.
Kxe2 Qxg2 21. Raf1 Rxf2+ 22. Rxf2 Qxh1 23. Qe5 Qxh3 24. Qe7 Qg4+ 25. Kf1
Qd1+ 26. Kg2 Qg4+ 27. Kf1 Qd1+ 28. Kg2 Qg4+ 29. Kf1 {Game drawn by
repetition} 1/2-1/2

[Event "Team 45 45 League T24"]
[Site "Internet Chess Club"]
[Date "2004.09.25"]
[Round "3"]
[White "nminwalla"]
[Black "GoIrish"]
[Result "1/2-1/2"]
[WhiteElo "1676"]
[BlackElo "1615"]
[TimeControl "2700+45"]

1. e4 d6 2. d4 Nf6 3. Nc3 g6 4. Be3 Bg7 5. f3 O-O 6. Qd2 Nc6 7. O-O-O e5 8. Nge2
Bd7 9. Kb1 a6 10. h4 h5 11. Bg5 Qe8 12. d5 Ne7 13. g3 Nh7 14. Be3 f5 15. Bh3
fxe4 16. Bxd7 Qxd7 17. fxe4 Nf6 18. Qd3 Ng4 19. Rdf1 c6 20. Na4 Rxf1+ 21. Rxf1
Rf8 22. Rxf8+ Bxf8 23. Bg5 cxd5 24. Bxe7 Qxe7 25. Qxd5+ Qf7 26. Nb6 Qxd5 27.
Nxd5 Nf2 28. Ndc3 Bh6 29. a4 Kf7 30. a5 Bd2 31. b4 Nh1 32. Nd5 Be1 33. Ng1 Nxg3
34. Nf3 Bf2 35. Ng5+ Kg7 36. c4 Ne2 37. Ne6+ Kh6 38. Nd8 Bxh4 39. Nxb7 g5 40.
Nxd6 g4 41. Nf7+ Kg7 42. Nxe5 Bf6 43. Nd3 g3 44. N3f4 Nxf4 45. Nxf4 h4 46. b5
axb5 47. cxb5 Be5 48. Nh3 g2 49. b6 Bd4 50. b7 Ba7 51. Kc2 Kf7 52. Kd3 Ke7 53.
e5 Ke6 54. Ke4 Bb8 55. a6 Ba7 56. Kf4 Bb8 57. Kg4 Kxe5 58. Kxh4 {Game drawn by
mutual agreement} 1/2-1/2

[Event "Team 45 45 League T24"]
[Site "Internet Chess Club"]
[Date "2004.09.27"]
[Round "3"]
[White "forquesato"]
[Black "vvsi"]
[Result "1-0"]
[WhiteElo "1754"]
[BlackElo "1558"]
[TimeControl "2700+45"]

1. e4 e5 2. Nf3 Nf6 3. Nxe5 d6 4. Nf3 Nxe4 5. d4 d5 6. Nbd2 Bg4 7. Be2 f5 8.
Nxe4 fxe4 9. Ne5 Bxe2 10. Qxe2 Qf6 11. Qb5+ Nc6 12. Qxb7 Nxd4 13. Qxa8+ Ke7 14.
Qxd5 Nxc2+ 15. Kd1 Qxf2 16. Bg5+ {Black resigns} 1-0

[Event "Team 45 45 League T24"]
[Site "Internet Chess Club"]
[Date "2004.09.26"]
[Round "3"]
[White "chessateer"]
[Black "locchessmonster"]
[Result "1/2-1/2"]
[WhiteElo "1886"]
[BlackElo "1918"]
[TimeControl "2700+45"]

1. e4 e6 2. d4 d5 3. e5 c5 4. c3 Nc6 5. Nf3 Bd7 6. Be2 Nge7 7. O-O Ng6 8. Re1
Be7 9. g3 O-O 10. Be3 cxd4 11. cxd4 f6 12. exf6 Bxf6 13. Nc3 a6 14. Qd2 Be8 15.
Bf1 Rc8 16. Bg2 Nge7 17. Ng5 Bf7 18. Nxf7 Rxf7 19. Bf4 Nxd4 20. Be5 Nec6 21.
Bxf6 Qxf6 22. f4 Kh8 23. Rac1 Rfc7 24. Rcd1 Nf5 25. Ne2 Nd8 26. Nd4 Nxd4 27.
Qxd4 Qxd4+ 28. Rxd4 Rc1 29. Rdd1 Rxd1 30. Rxd1 Kg8 31. f5 exf5 32. Bxd5+ Kf8 33.
Rd2 b5 34. Kf2 a5 35. Ke3 Ke7 36. Bg8 h6 37. Bh7 Rc5 38. Bg8 Nc6 39. Rd5 Rxd5
40. Bxd5 Ne5 41. Kd4 Kd6 42. Bg2 g5 43. h3 h5 44. a3 Nc4 45. Bf1 Nxb2 46. Bxb5
Nd1 47. Be2 Nf2 48. Bxh5 Nxh3 49. Bf3 Ng1 50. Bd1 g4 51. a4 Nh3 52. Bc2 f4 53.
gxf4 g3 54. Be4 Nxf4 55. Ke3 g2 56. Kf2 Kc5 57. Bf3 Kb4 58. Bc6 Nd3+ 59. Kxg2
Nc5 60. Kf2 Nxa4 61. Ke1 Nc3 62. Kd2 Nb5 63. Bxb5 Kxb5 64. Kc3 {Game drawn by
mutual agreement} 1/2-1/2

[Event "Team 45 45 League T24"]
[Site "Internet Chess Club"]
[Date "2004.09.29"]
[Round "3"]
[White "six-killer"]
[Black "room-matt"]
[Result "1/2-1/2"]
[WhiteElo "1853"]
[BlackElo "1870"]
[TimeControl "2700+45"]

1. e4 e5 2. Nf3 Nc6 3. Bb5 f5 4. Nc3 Bb4 5. exf5 Nge7 6. Qe2 d6 7. d4 Bxf5 8.
dxe5 O-O 9. O-O dxe5 10. Nxe5 Nxe5 11. Qxe5 Bd6 12. Qe2 c6 13. Bd3 Qc7 14. f4
Rae8 15. Be3 Bxd3 16. Qxd3 Nf5 17. Ne4 Nxe3 18. Nxd6 Nxf1 19. Nxe8 Rxe8 20. Qc4+
Kh8 21. Rxf1 Qb6+ 22. Kh1 Qxb2 23. Qb3 Qf6 24. Qxb7 Qxf4 25. Rg1 Qa4 26. Qf7 c5
27. Rf1 Rg8 28. Qb3 {Game drawn by mutual agreement} 1/2-1/2

[Event "Team 45 45 League T24"]
[Site "Internet Chess Club"]
[Date "2004.09.25"]
[Round "3"]
[White "hoyd"]
[Black "rayonline53"]
[Result "0-1"]
[WhiteElo "1601"]
[BlackElo "1592"]
[TimeControl "2700+45"]

1. c4 Nf6 2. Nc3 g6 3. g3 Bg7 4. Bg2 O-O 5. b4 c6 6. a4 d5 7. cxd5 Nxd5 8. Qb3
Be6 9. Qa3 Nd7 10. Bb2 Ne5 11. d3 Qd6 12. Nxd5 Bxd5 13. Nf3 Nxf3+ 14. Bxf3 Bxf3
15. exf3 Bxb2 16. Qxb2 Qxd3 17. Qe2 Qc3+ 18. Qd2 Qxa1+ 19. Qd1 Qxd1+ 20. Kxd1
Rad8+ 21. Ke2 Rd4 22. Rb1 Rfd8 23. Ke3 e5 24. h4 f5 25. Ke2 Rd2+ 26. Ke1 Ra2 27.
b5 c5 28. a5 Rxa5 29. b6 a6 30. g4 Rb5 31. Rxb5 axb5 32. h5 c4 33. hxg6 hxg6 34.
gxf5 gxf5 35. f4 e4 36. f3 c3 37. fxe4 fxe4 38. f5 c2 39. f6 c1=Q+ 40. Ke2 Qd2+
41. Kf1 e3 42. f7+ Kxf7 43. Kg1 Qf2+ 44. Kh1 Rd1# {White checkmated} 0-1

[Event "Team 45 45 League T24"]
[Site "Internet Chess Club"]
[Date "2004.09.26"]
[Round "3"]
[White "jantonio"]
[Black "NESKAYA"]
[Result "1/2-1/2"]
[WhiteElo "1593"]
[BlackElo "1712"]
[TimeControl "2700+45"]

1. Nf3 Nf6 2. g3 g6 3. Bg2 Bg7 4. O-O O-O 5. d3 h6 6. c4 d5 7. Nbd2 b6 8. Rb1
dxc4 9. Nxc4 Bb7 10. Bd2 Nbd7 11. Qc1 Kh7 12. Ng5+ hxg5 13. Bxb7 Rb8 14. Bg2 b5
15. Na5 c5 16. Nc6 Qc7 17. Nxb8 Rxb8 18. Bxg5 Qe5 19. Bf4 Qxe2 20. Bxb8 Nxb8 21.
Qc3 Nbd7 22. Rfe1 Qh5 23. h3 Ne4 24. Qxg7+ Kxg7 25. Rxe4 e5 26. Rbe1 f6 27. Rh4
Qg5 28. Re2 b4 29. Rc2 f5 30. Rhc4 f4 31. Kh2 a5 32. Bc6 Nf6 33. Rxc5 fxg3+ 34.
fxg3 Nh5 35. Rg2 Qe3 36. Rxa5 Qxd3 37. Ra7+ Kh6 38. Rd7 Qe3 39. Rb7 Qc5 40. Be4
Nf6 41. Bf3 e4 42. Be2 e3 43. Rb5 Qd6 44. Bf3 Nd7 45. Rd5 Qe7 46. Re2 Ne5 47.
Be4 Ng4+ 48. hxg4 Qxe4 49. g5+ Kh5 50. Ra5 Qd3 51. Rg2 Qf1 52. Re5 Qf3 53. a4
Kg4 54. a5 Qf1 55. Rxe3 Qb5 56. Rge2 Qxa5 57. Re4+ Kh5 58. g4+ Kh4 59. R2e3 Qc7+
60. Kg2 Kxg5 61. Rxb4 Qc2+ 62. Kh3 Qf2 {Game drawn by mutual agreement} 1/2-1/2

[Event "Team 45 45 League T24"]
[Site "Internet Chess Club"]
[Date "2004.09.27"]
[Round "3"]
[White "chesskilleruk"]
[Black "f5"]
[Result "0-1"]
[WhiteElo "2186"]
[BlackElo "2268"]
[TimeControl "2700+45"]

1. e4 e5 2. Nf3 Nc6 3. Bb5 a6 4. Ba4 Nf6 5. Qe2 b5 6. Bb3 Be7 7. c3 O-O 8. h3 d5
9. d3 Bb7 10. O-O Na5 11. Bc2 dxe4 12. dxe4 Nd7 13. Rd1 Qe8 14. Nbd2 c5 15. Nf1
Nc4 16. Ng3 Kh8 17. Nf5 g6 18. Nxe7 Qxe7 19. b3 Ncb6 20. Bh6 Rfd8 21. Rd2 f6 22.
Be3 Nf8 23. Rad1 Ne6 24. b4 Rxd2 25. Qxd2 Nc4 26. Qd7 Qxd7 27. Rxd7 Nxe3 28.
fxe3 Bc8 29. Rd6 Kg7 30. g4 h6 31. Kf2 Kf7 32. Nh4 Ke7 33. Rb6 cxb4 34. cxb4 Nf8
35. Bb3 Bd7 36. Bd5 Ra7 37. Bb7 Be8 38. Bd5 a5 39. bxa5 Rxa5 40. Kf3 Ra7 41. Ke2
Bd7 42. Kd2 Ra3 43. Rb7 Ra6 44. Rc7 Kd6 45. Rb7 h5 46. Rb8 Ne6 47. Nxg6 hxg4 48.
hxg4 Nc7 49. Bb3 Bxg4 50. Rf8 Kc5 51. Ne7 Rd6+ 52. Nd5 Nxd5 53. exd5 Bf3 54. Kd3
Bxd5 55. Bxd5 Kxd5 56. Rb8 Kc5+ 57. Kc3 Ra6 58. Kb3 Kd5 59. Rxb5+ Ke4 60. a4
Kxe3 61. a5 Kd4 62. Rb6 Rxa5 63. Rxf6 Rc5 64. Rd6+ Ke3 65. Rd1 Ke2 66. Rh1 e4
67. Rh2+ Kd3 68. Rh8 Rb5+ 69. Ka4 Rb7 70. Rd8+ Ke2 71. Ka5 e3 72. Ka6 Rb2 73.
Rh8 Ke1 74. Rh1+ Kd2 75. Rh8 e2 76. Rd8+ Kc1 77. Re8 Kd1 78. Rd8+ Rd2 79. Rb8
Ra2+ {White resigns} 0-1

[Event "Team 45 45 League T24"]
[Site "Internet Chess Club"]
[Date "2004.09.24"]
[Round "3"]
[White "akdog3"]
[Black "IAMC"]
[Result "0-1"]
[WhiteElo "2163"]
[BlackElo "2019"]
[TimeControl "2700+45"]

1. Nf3 d6 2. g3 g6 3. Bg2 e5 4. O-O Bg7 5. d3 Nc6 6. c4 Be6 7. Nc3 h6 8. Bd2 Qd7
9. Rb1 Bh3 10. b4 Bxg2 11. Kxg2 f5 12. b5 Nd8 13. Qb3 Ne6 14. Nh4 Nc5 15. Qc2 g5
16. Nf3 Ne6 17. e3 Ne7 18. Ng1 f4 19. Rbe1 O-O 20. Qd1 Ng6 21. Kh1 Nc5 22. Bc1
g4 23. exf4 exf4 24. d4 f3 25. dxc5 Bxc3 26. Re4 Bg7 27. Qd5+ Kh7 28. Qh5 Ne5
29. cxd6 cxd6 30. Rd1 Rf5 31. Qh4 Qf7 32. Rxg4 Nxg4 33. Qxg4 Re8 34. Bf4 Be5 35.
Be3 Qh5 36. Qxh5 Rxh5 37. Nxf3 Bxg3 38. Bxa7 Bf4 39. Bd4 Re2 40. Rg1 Re7 41. a4
Be5 42. Be3 Bc3 43. Rd1 Bb4 44. Kg2 Bc5 45. Bf4 Rf5 46. Bg3 Rg7 47. Nd4 Rf6 48.
Nb3 Rxf2+ 49. Kh3 Rc2 50. Nxc5 dxc5 51. a5 Rxc4 52. Ra1 Rgg4 53. Rf1 Kg6 54. Rf8
Ra4 55. Rc8 Rgc4 56. a6 bxa6 57. Rc6+ Kf5 58. bxa6 h5 59. Bf2 Ra3+ 60. Kg2 Rc2
61. Rxc5+ Rxc5 62. Bxc5 Rxa6 63. Kg3 Rc6 64. Bb4 Rc4 65. Bd6 h4+ 66. Kh3 Kg5 67.
Be7+ Kh5 68. Bd6 Rc3+ 69. Kg2 Kg4 70. Kf2 Rc2+ 71. Ke3 Rg2 72. Bb8 Kh3 73. Bd6
Rg6 74. Bb8 Kg2 75. Bc7 Re6+ 76. Kd2 Kf2 77. Bb8 Re7 78. Bf4 Rd7+ 79. Kc3 Kf3
80. Bg5 h3 81. Bf6 Rd1 82. Be5 Kg2 {White resigns} 0-1

[Event "Team 45 45 League T24"]
[Site "Internet Chess Club"]
[Date "2004.09.24"]
[Round "3"]
[White "trikmamak"]
[Black "Burning-Bush"]
[Result "0-1"]
[WhiteElo "2179"]
[BlackElo "2246"]
[TimeControl "2700+45"]

1. e4 c5 2. Nf3 e6 3. d4 cxd4 4. Nxd4 Nc6 5. Nxc6 bxc6 6. c4 Nf6 7. Bd3 Bb4+ 8.
Nc3 Qc7 9. O-O Rb8 10. Qe2 d6 11. Bd2 Bc5 12. Rab1 O-O 13. Bg5 Bd4 14. Qf3 Qa5
15. Qg3 Nh5 16. Qh4 h6 17. Be7 Bf6 18. Bxf6 Nxf6 19. f4 Ba6 20. Kh1 Qc5 21. Rbe1
Bxc4 22. e5 Bxd3 23. exf6 Bxf1 24. fxg7 Bxg2+ 25. Kxg2 Kxg7 26. Ne4 Qd5 27. Qf6+
Kh7 28. b3 Rb4 29. Kf3 Qh5+ 30. Ke3 Qh3+ 31. Kd2 Qf5 32. Qxf5+ exf5 33. Ng3 Rxf4
34. Re2 a5 35. Kc3 Rf3+ 36. Kb2 Kg6 37. Rd2 d5 38. Rc2 Rc8 39. Rc5 f4 40. Ne2
Rf2 41. Rc2 Kg5 {White resigns} 0-1

[Event "Team 45 45 League T24"]
[Site "Internet Chess Club"]
[Date "2004.09.24"]
[Round "3"]
[White "searchforbobby1"]
[Black "azbycx"]
[Result "0-1"]
[WhiteElo "2134"]
[BlackElo "1914"]
[TimeControl "2700+45"]

1. e4 c5 2. Nf3 d6 3. d4 cxd4 4. Nxd4 Nf6 5. Nc3 a6 6. Rg1 b5 7. a3 Bb7 8. Bd3
Qc7 9. Qe2 Nbd7 10. g4 Nc5 11. g5 Nfd7 12. f4 g6 13. Bd2 Bg7 14. Nf3 O-O-O 15.
O-O-O Nb6 16. Kb1 Nca4 17. Nxa4 Nxa4 18. c3 Kb8 19. Nd4 Rc8 20. Rc1 Nb6 21. Be3
Nc4 22. Bf2 Ka8 23. Nb3 Na5 24. Nxa5 Qxa5 25. Qe3 Kb8 26. Qa7+ Kc7 27. Ka2 Ra8
28. Qe3 Kd7 29. Be2 Qc7 30. Rgd1 e6 31. f5 Be5 32. Bg3 Bxg3 33. fxe6+ fxe6 34.
Qxg3 Bxe4 35. Qf4 Bf5 36. Rxd6+ Qxd6 37. Rd1 Qxd1 38. Bxd1 Rad8 39. Qd4+ Ke7 40.
Qf6+ Kd6 41. Qd4+ Ke7 42. Qg7+ Kd6 43. Bf3 e5 44. Qf6+ Be6+ 45. Bd5 Kxd5 46. a4
Kd6+ 47. Ka3 bxa4 48. Qf3 Rhf8 49. Qe3 Rb8 50. Qd2+ Ke7 51. Kxa4 Rf4+ 52. b4 Rc4
53. Qf2 Rxc3 54. Qa7+ Bd7+ 55. b5 Rxb5 {White resigns} 0-1

[Event "Team 45 45 League T24"]
[Site "Internet Chess Club"]
[Date "2004.09.28"]
[Round "3"]
[White "Rossinantes"]
[Black "Nikolay"]
[Result "1/2-1/2"]
[WhiteElo "2391"]
[BlackElo "2342"]
[TimeControl "2700+45"]

1. d4 Nf6 2. c4 g6 3. Nc3 Bg7 4. e4 d6 5. Nf3 O-O 6. Be2 e5 7. O-O Nc6 8. d5 Ne7
9. Ne1 Nd7 10. Nd3 f5 11. Bd2 Nf6 12. f3 Kh8 13. b4 Neg8 14. Be1 Nh5 15. Bf2 Qg5
16. Qc1 Nf4 17. Nxf4 exf4 18. Qc2 Nf6 19. Bd4 fxe4 20. Nxe4 Nxe4 21. Qxe4 Bh3
22. Bxg7+ Kxg7 23. Qd4+ Kg8 24. Rf2 Rfe8 25. Bf1 Re3 26. a4 Bd7 27. a5 a6 28. b5
{Game drawn by mutual agreement} 1/2-1/2

[Event "Team 45 45 League T24"]
[Site "Internet Chess Club"]
[Date "2004.09.26"]
[Round "3"]
[White "jtayar88"]
[Black "WesleyCrusher"]
[Result "1-0"]
[WhiteElo "2227"]
[BlackElo "2163"]
[TimeControl "2700+45"]

1. e4 c5 2. Nf3 d6 3. d4 cxd4 4. Nxd4 Nf6 5. Nc3 a6 6. Bg5 e6 7. f4 Be7 8. Qf3
Qc7 9. O-O-O Nbd7 10. g4 b5 11. Bxf6 Nxf6 12. g5 Nd7 13. f5 Nc5 14. f6 gxf6 15.
gxf6 Bf8 16. Rg1 h5 17. Rg7 b4 18. Nd5 exd5 19. exd5 Bg4 20. Re1+ Kd8 21. Qf4
Kc8 22. Ne6 fxe6 23. Rxc7+ Kxc7 24. Qxb4 e5 25. Qa5+ Kb7 26. b4 Bh6+ 27. Kb1 Bd2
28. Rxe5 dxe5 29. Qxc5 Rhc8 30. Qe7+ Rc7 31. Qxe5 Bd1 32. c4 Bxb4 33. d6 Bxd6
34. Bg2+ Ka7 35. Qxd6 Rac8 36. Qd4+ Rc5 37. f7 Kb6 38. Qd6+ Ka5 39. f8=Q Rxc4
40. Qf5+ R8c5 41. Qfxc5+ {Black resigns} 1-0

[Event "Team 45 45 League T24"]
[Site "Internet Chess Club"]
[Date "2004.09.27"]
[Round "3"]
[White "VentasD"]
[Black "Rubicon"]
[Result "1-0"]
[WhiteElo "2147"]
[BlackElo "2016"]
[TimeControl "2700+45"]

1. d4 Nf6 2. Nf3 e6 3. Bf4 Be7 4. Nbd2 O-O 5. e3 b6 6. Bd3 Bb7 7. O-O Nd5 8. Bg3
f5 9. c4 Nf6 10. Re1 Nh5 11. Ne5 Nxg3 12. hxg3 d6 13. Nef3 Nd7 14. e4 f4 15.
gxf4 Rxf4 16. b4 Qf8 17. Qb3 Qf7 18. c5 d5 19. exd5 Bxd5 20. Bc4 c6 21. b5 bxc5
22. bxc6 Nb6 23. Bxd5 Nxd5 24. dxc5 Bxc5 25. Qb7 Re8 26. Qxf7+ Kxf7 27. Ng5+ Kf6
28. Nge4+ {Black resigns} 1-0

[Event "Team 45 45 League T24"]
[Site "Internet Chess Club"]
[Date "2004.09.23"]
[Round "3"]
[White "VincentB"]
[Black "Amauta"]
[Result "0-1"]
[WhiteElo "1488"]
[BlackElo "1922"]
[TimeControl "2700+45"]

1. Nf3 d5 2. c4 d4 3. g3 Nf6 4. Bg2 Nc6 5. d3 e5 6. O-O Rb8 7. Ng5 h6 8. Ne4
Nxe4 9. Bxe4 Be7 10. Nd2 O-O 11. Qb3 Be6 12. Nf3 f5 13. Bxc6 bxc6 14. Qa4 Qd6
15. Qd1 f4 16. Nxe5 Qxe5 17. Bxf4 Rxf4 18. gxf4 Qxf4 19. e3 Qh4 20. Qf3 {White
resigns} 0-1

[Event "Team 45 45 League T24"]
[Site "Internet Chess Club"]
[Date "2004.09.26"]
[Round "3"]
[White "johanh"]
[Black "gringo"]
[Result "1/2-1/2"]
[WhiteElo "2130"]
[BlackElo "2216"]
[TimeControl "2700+45"]

1. e4 c5 2. Nf3 d6 3. d4 cxd4 4. Nxd4 Nf6 5. Nc3 g6 6. Be3 Bg7 7. f3 O-O 8. Qd2
Nc6 9. O-O-O Nxd4 10. Bxd4 Be6 11. g4 Qa5 12. Kb1 Rfc8 13. a3 Rab8 14. h4 b5 15.
Nd5 Qxd2 16. Rxd2 Bxd5 17. exd5 a5 18. Be2 Nd7 19. h5 Bxd4 20. Rxd4 Nc5 21. g5
Nd7 22. c3 Rc5 23. f4 Rb7 24. Bg4 Nf8 25. Re1 gxh5 26. Bxh5 Ng6 27. Kc2 b4 28.
axb4 axb4 29. c4 Kg7 30. Bg4 Rbc7 31. Kb3 Rb7 32. Ra1 f6 33. Ra4 fxg5 34. fxg5
Ne5 35. Bh5 Rbc7 36. Rxb4 Ra5 37. Rd1 Rac5 38. Rd4 Ra5 39. Rd1 Rac5 40. Be2 Kg6
41. Rg1 Kf5 42. Rh1 Kxg5 43. Rxh7 Kf4 44. Rh3 Ke4 45. Ra4 Kd4 46. Rh4+ Ke3 47.
Rh2 Kd4 48. Rh3 Ke4 49. Kc3 Rxd5 50. b4 Rb5 51. Kb3 Rb8 52. Bf1 Kf4 53. b5 Rc5
54. Bg2 e6 55. Rb4 Kg5 56. Re3 Kf4 57. Rh3 Kg5 58. Re3 Kf4 59. Rh3 Kg5 {Game
drawn by repetition} 1/2-1/2

[Event "Team 45 45 League T24"]
[Site "Internet Chess Club"]
[Date "2004.09.25"]
[Round "3"]
[White "Satan"]
[Black "CLACTON"]
[Result "1-0"]
[WhiteElo "2192"]
[BlackElo "2136"]
[TimeControl "2700+45"]

1. c4 Nf6 2. Nc3 c5 3. Nf3 Nc6 4. d4 cxd4 5. Nxd4 a6 6. e4 e6 7. Nc2 Bc5 8. Be2
Qc7 9. O-O h6 10. Be3 Be7 11. f4 d6 12. Rc1 O-O 13. Qe1 b6 14. Qf2 Rb8 15. b4
Nd8 16. a3 Bd7 17. Nd4 Nc6 18. Bf3 Nxd4 19. Bxd4 e5 20. Be3 Be6 21. Nd5 Bxd5 22.
cxd5 Qb7 23. f5 Rfc8 24. g4 b5 25. Qg2 Nh7 26. Qd2 Rxc1 27. Rxc1 Rc8 28. Rxc8+
Qxc8 29. Qc1 Qxc1+ 30. Bxc1 Bg5 31. Bxg5 Nxg5 32. Kf2 Nh3+ 33. Ke3 Nf4 34. Be2
Kf8 35. Bf1 Ke7 36. Kd2 Kd8 37. Kc3 Kc7 38. a4 Kb6 39. a5+ Kb7 40. h4 f6 41. Kd2
g6 42. g5 hxg5 43. hxg5 gxf5 44. gxf6 fxe4 45. f7 Ng6 46. Ke3 Kc7 47. Kxe4 Kd7
48. Kf5 Nf8 49. Kf6 e4 50. Be2 e3 51. Bd3 Kd8 52. Be2 Kd7 53. Bf1 Kd8 54. Bd3
Kd7 55. Be2 Kd8 56. Bg4 Kc7 57. Kg7 {Black resigns} 1-0

[Event "Team 45 45 League T24"]
[Site "Internet Chess Club"]
[Date "2004.09.24"]
[Round "3"]
[White "Falhari"]
[Black "baumhauer"]
[Result "1-0"]
[WhiteElo "2039"]
[BlackElo "1926"]
[TimeControl "2700+45"]

1. Nf3 Nf6 2. c4 b6 3. Nc3 Bb7 4. d4 e6 5. d5 Bb4 6. Bg5 h6 7. Bh4 Qe7 8. e3
Bxc3+ 9. bxc3 g5 10. Bg3 exd5 11. cxd5 Nxd5 12. Qd4 f6 13. Bc4 c5 14. Qd3 Nf4
15. Bxf4 gxf4 16. Qg6+ Kf8 17. O-O-O Be4 18. Qh5 Kg7 19. Nh4 fxe3 20. fxe3 Rf8
21. Bd5 Nc6 22. Bxe4 Qxe4 23. Rxd7+ Kg8 24. Qxh6 Rf7 25. Rhd1 Re8 26. Rxf7 Kxf7
27. Rd7+ Ke6 28. Rd2 Ne5 29. Nf3 Nd3+ 30. Kd1 Kf7 31. Qh5+ Kg7 32. Nh4 Re5 33.
Qf3 c4 34. Qg3+ Rg5 35. Qh3 Rg4 36. Nf3 f5 37. Ne1 b5 38. Qf3 Nxe1 39. Kxe1 Qe6
40. h3 Re4 41. Qg3+ Kf7 42. Kf2 Qb6 43. Rd6 Qc5 44. Qg6+ Ke7 45. Qf6+ Ke8 46.
Rd8# {Black checkmated} 1-0

[Event "Team 45 45 League T24"]
[Site "Internet Chess Club"]
[Date "2004.09.24"]
[Round "3"]
[White "onslaught"]
[Black "Quoyle"]
[Result "0-1"]
[WhiteElo "2344"]
[BlackElo "2515"]
[TimeControl "2700+45"]

1. d4 d5 2. c4 e6 3. Nc3 Be7 4. Nf3 Nf6 5. Bf4 O-O 6. e3 c5 7. dxc5 Bxc5 8. cxd5
Nxd5 9. Nxd5 exd5 10. a3 Nc6 11. Bd3 Bb6 12. O-O d4 13. Qc2 h6 14. e4 Qf6 15.
Bg3 Bg4 16. Nd2 Rac8 17. Qa4 Rfd8 18. f4 Be2 19. e5 Qe7 20. Bf5 d3+ 21. Bf2 Bxf1
22. Bxb6 axb6 23. Bxc8 Be2 24. Bf5 g6 25. Be4 Qc5+ 26. Kh1 Qc2 27. Bxc6 Qxd2 28.
e6 bxc6 29. Qxc6 Qxb2 30. exf7+ Kg7 31. Rg1 Rf8 {White resigns} 0-1

[Event "Team 45 45 League T24"]
[Site "Internet Chess Club"]
[Date "2004.09.26"]
[Round "3"]
[White "phoenix10q72"]
[Black "MSStateBulldog"]
[Result "0-1"]
[WhiteElo "2398"]
[BlackElo "2273"]
[TimeControl "2700+45"]

1. e4 e5 2. Bc4 Nc6 3. Nc3 Nf6 4. d3 Na5 5. Nge2 c6 6. O-O b5 7. Bb3 b4 8. Nb1
d5 9. Bg5 dxe4 10. dxe4 Ba6 11. Nd2 Bc5 12. Bh4 Qd7 13. Re1 Rd8 14. Bxf6 gxf6
15. Ng3 Qxd2 16. Qf3 Qf4 17. Qxf4 exf4 18. Nh5 Rd2 19. Red1 Nxb3 20. axb3 Rxd1+
21. Rxd1 Be2 22. Nxf6+ Ke7 23. Rd2 Kxf6 24. Rxe2 Rd8 25. h3 Rd1+ 26. Kh2 Rf1 27.
e5+ Ke6 28. Re4 Bxf2 29. g4 Bg3+ 30. Kg2 Rf2+ 31. Kg1 Rxc2 32. Rxb4 f3 33. Rc4
Re2 34. Rxc6+ Kd5 35. Rc1 Re1+ 36. Rxe1 f2+ {White resigns} 0-1